AoeStats
← adbailey121

Black Forest

510283729Analyzed
4v4 RM · 2d ago on Sep 30, 2026· 112m 28s· 8 players
Game mode
Random Map
Map size
Large (8 player)
Population
200
Speed
Normal
Resources
Standard
Victory
Conquest
Starting age
Dark Age
Ending age
Imperial Age
RankedLock teamsTeams togetherTeam positionsShared explorationLock speedFull tech treeHidden civsTurbo modeCheats
Victory
Defeat
🇦🇺 Chinese · Australia
807
+14
🇨🇳 Teutons · China
766
+15
🇦🇺 Persians · Australia
748
+16
🇦🇺 Turks · Australia
694
+19
🇨🇳 Lithuanians · China
776
-16
🇨🇳 Spanish · China
747
-16
🇨🇳 Bohemians · China
747
-16
🇨🇳 Khmer · China
745
-16
Vacuum
10:38 Feudal Age
15:47 Castle Age
13:39 Double-Bit Axe
19:37 Bow Saw
21:54 Horse Collar
25:30 Heavy Plow
26:40 Wheelbarrow
27:38 Ballistics
29:01 Gold Mining
29:15 Fishing Lines
30:53 Caravan
31:19 Gillnets
36:49 Imperial Age
36:10 Clinker Construction
35:54 Guard Tower
37:27 Hand Cart
36:59 Town Watch
37:07 Town Watch
37:17 Stone Mining
39:01 Chemistry
40:08 Keep
41:49 Light Cavalry
42:41 Bloodlines
46:23 Coinage
51:39 Onager
53:54 Hussar
71:36 Banking
80:17 Bombard Tower
98:49 Forging
100:15 Iron Casting
103:27 Capped Ram
108:10 Siege Ram
n00b
12:23 Feudal Age
13:04 Horse Collar
13:12 Fishing Lines
21:06 Castle Age
19:13 Double-Bit Axe
22:06 Gillnets
23:06 Bow Saw
26:06 Imperial Age
23:50 Heavy Plow
27:12 Hussite Reforms
27:28 Conscription
28:11 Redemption
29:46 Two-Man Saw
30:32 Devotion
31:11 Theocracy
30:53 Block Printing
30:39 Atonement
30:50 Fervor
32:20 Illumination
32:16 Sanctity
32:23 Faith
32:23 Guilds
34:33 Wheelbarrow
35:41 Chemistry
34:33 Fletching
34:43 Padded Archer Armor
36:34 Hand Cart
36:07 Loom
36:08 Town Watch
36:35 Elite Hussite Wagon
37:59 Houfnice
53:56 Wagenburg Tactics
54:09 Bodkin Arrow
54:29 Leather Archer Armor
60:11 Bracer
60:41 Ring Archer Armor
ProfileName
12:25 Feudal Age
15:23 Castle Age
14:38 Double-Bit Axe
14:47 Horse Collar
16:49 Bow Saw
23:48 Gold Mining
23:49 Stone Mining
24:05 Heavy Plow
28:02 Caravan
30:42 Imperial Age
29:36 Wheelbarrow
28:47 Loom
28:48 Town Watch
29:49 Gold Shaft Mining
29:50 Stone Shaft Mining
31:03 Scale Barding Armor
31:08 Forging
35:00 Conscription
35:16 Chain Barding Armor
35:31 Iron Casting
35:31 Coinage
35:54 Double Crossbow
35:16 Elite Ballista Elephant
37:46 Chemistry
37:07 Ballistics
36:53 Siege Engineers
36:46 Murder Holes
37:04 Masonry
37:14 Husbandry
37:25 Bloodlines
40:27 Plate Barding Armor
40:53 Blast Furnace
40:27 Capped Ram
50:05 Hoardings
53:31 Light Cavalry
54:35 Hussar
71:26 Elite Battle Elephant
78:08 Pikeman
83:06 Siege Ram
86:58 Halberdier
致命伪装
0:29 Loom
21:19 Feudal Age
22:35 Wheelbarrow
21:44 Horse Collar
21:56 Stone Mining
21:58 Gold Mining
21:57 Double-Bit Axe
21:53 Fishing Lines
28:05 Castle Age
26:18 Man-at-Arms
26:43 Arson
27:08 Fletching
27:28 Forging
27:19 Scale Mail Armor
29:25 Hand Cart
29:52 Heavy Plow
30:11 Bow Saw
30:04 Bodkin Arrow
32:26 Stone Shaft Mining
32:33 Iron Casting
32:51 Hill Forts
32:41 Town Watch
34:30 Fortified Wall
34:31 Masonry
34:20 Murder Holes
35:30 Town Patrol
35:54 Treadmill Crane
36:35 Ballistics
36:10 Gillnets
36:40 Chain Mail Armor
37:09 Caravan
37:59 Clinker Construction
41:39 Imperial Age
40:02 Squires
39:24 Long Swordsman
39:25 Pikeman
40:31 Padded Archer Armor
41:35 Leather Archer Armor
43:03 Conscription
42:47 Tower Shields
42:13 Two-Handed Swordsman
42:17 Pikeman
43:07 Halberdier
43:09 Champion
44:37 Hoardings
44:10 Bracer
44:41 Ring Archer Armor
44:45 Architecture
44:37 Elite Skirmisher
45:24 Thumb Ring
46:56 Two-Man Saw
51:37 Bloodlines
51:27 Husbandry
53:39 Elite Leitis
54:34 Cavalier
55:25 Scale Barding Armor
55:53 Paladin
57:04 Chain Barding Armor
60:10 Plate Barding Armor
64:35 Crop Rotation
74:00 Light Cavalry
75:46 Winged Hussar
Ladiesman217
0:29 Loom
19:15 Feudal Age
25:41 Castle Age
23:23 Horse Collar
26:49 Double-Bit Axe
29:05 Bow Saw
30:10 Thumb Ring
33:28 Wheelbarrow
35:00 Hand Cart
36:07 Town Watch
40:13 Imperial Age
38:33 Fletching
38:43 Padded Archer Armor
42:19 Bodkin Arrow
42:40 Leather Archer Armor
42:58 Elite Chu Ko Nu
43:38 Gold Mining
43:40 Stone Mining
44:30 Bracer
45:00 Ring Archer Armor
47:44 Pikeman
48:54 Forging
48:44 Scale Mail Armor
49:20 Halberdier
51:04 Iron Casting
50:44 Chain Mail Armor
53:55 Heavy Rocket Cart
57:18 Rocketry
64:02 Ring Archer Armor
69:40 Two-Man Saw
68:44 Heavy Plow
77:20 Capped Ram
78:24 Squires
78:09 Arson
79:05 Conscription
78:40 Siege Ram
94:13 Caravan
103:19 Blast Furnace
102:49 Plate Mail Armor
107:24 Light Cavalry
108:14 Bloodlines
110:46 Husbandry
111:48 Town Patrol
112:12 Scale Barding Armor
adbailey121
0:29 Loom
11:34 Feudal Age
14:21 Wheelbarrow
20:43 Castle Age
19:52 Fletching
21:04 Padded Archer Armor
22:29 Hand Cart
24:09 Horse Collar
29:02 Gold Mining
29:04 Stone Mining
34:42 Imperial Age
32:25 Bodkin Arrow
32:43 Heavy Plow
36:05 Elite Janissary
37:24 Bracer
39:41 Scale Barding Armor
39:36 Scale Mail Armor
39:52 Leather Archer Armor
39:48 Forging
43:29 Siphons
45:25 Incendiaries
45:37 Ballistics
77:57 Bloodlines
97:58 Man-at-Arms
101:09 Long Swordsman
104:24 Two-Handed Swordsman
111:28 Champion
Danielraven91
1:19 Loom
11:36 Feudal Age
16:25 Castle Age
14:50 Double-Bit Axe
19:02 Stone Mining
19:51 Wheelbarrow
24:57 Pikeman
25:39 Squires
25:25 Arson
25:49 Thumb Ring
25:05 Crossbowman
28:06 Husbandry
28:19 Bloodlines
28:53 Gold Mining
30:28 Kamandaran
31:33 Scale Barding Armor
32:20 Horse Collar
33:00 Forging
33:11 Chain Barding Armor
32:52 Scale Mail Armor
33:37 Ballistics
36:48 Imperial Age
35:02 Bow Saw
36:22 Iron Casting
36:06 Chain Mail Armor
35:52 Padded Archer Armor
35:45 Fletching
36:42 Elite War Elephant
37:37 Halberdier
38:12 Cavalier
40:19 Blast Furnace
39:49 Hand Cart
39:59 Hand Cart
41:51 Plate Barding Armor
41:13 Bodkin Arrow
41:34 Leather Archer Armor
43:31 Town Watch
44:25 Gold Shaft Mining
47:49 Onager
53:58 Ring Archer Armor
55:00 Savar
57:14 Heavy Plow
77:04 Chemistry
Cizz...1
12:20 Feudal Age
14:52 Double-Bit Axe
17:13 Castle Age
16:15 Horse Collar
19:09 Fishing Lines
21:13 Wheelbarrow
21:22 Wheelbarrow
20:54 Gillnets
25:27 Stone Mining
25:28 Gold Mining
26:22 Caravan
26:49 Bow Saw
29:37 Heavy Plow
30:41 Masonry
33:35 Imperial Age
32:09 Ballistics
32:01 Fortified Wall
34:17 Hand Cart
34:34 Siege Engineers
35:31 Chemistry
35:05 Pikeman
35:48 Squires
36:02 Forging
35:45 Halberdier
37:23 Conscription
37:00 Onager
37:52 Fletching
38:39 Iron Casting
38:07 Scale Mail Armor
37:48 Elite Teutonic Knight
39:10 Town Watch
40:29 Blast Furnace
39:47 Chain Mail Armor
39:31 Bodkin Arrow
42:36 Crop Rotation
42:35 Padded Archer Armor
43:06 Plate Mail Armor
42:44 Scale Barding Armor
52:52 Leather Archer Armor
54:36 Ironclad
53:49 Siege Onager
56:04 Two-Man Saw
62:02 Chain Barding Armor
62:41 Cavalier
64:06 Bloodlines
63:42 Paladin
89:53 Plate Barding Armor
100:59 Heavy Mounted Crossbowman
Connection lost

Rejoining the realm…

Still unreachable

The connection could not be restored.

Session expired

The server has moved on; the page needs a fresh start.